Map: Blackpink LE

Players

Hurricane - Winner!

  • Race: Protoss Protoss
  • Spawn Location: 7:00

Cure

  • Race: Terran Terran
  • Spawn Location: 1:00

Event: IEM Season 12 - Katowice

VOD

Have the link to the VOD?

Description

Time

  • Played on: Feb. 27, 2018, 9:10 a.m.
  • Length: 11:14

All games in this series

Show
View Real Time Build Order
Export as new Build Order

Hurricane Protoss - Winner!

Build Orders: 1 Gate Expand, Oracle Opening, Phoenix Opening 

Get SALT Encoding   

  12  0:00  Probe  
  13  0:12  Probe  
  14  0:17  Pylon  
  14  0:25  Probe (Chrono Boost)  
  15  0:37  Probe (Chrono Boost)  
  15  0:38  Gateway  
  16  0:44  Probe (Chrono Boost)  
  16  0:45  Assimilator  
  17  0:51  Probe  
  18  1:03  Probe  
  19  1:15  Probe  
  20  1:22  Nexus  
  20  1:31  Cybernetics Core  
  20  1:34  Probe  
  21  1:41  Assimilator  
  21  1:47  Probe  
  22  1:51  Pylon  
  22  1:59  Probe  
  23  2:07  Adept (Chrono Boost)  
  23  2:11  Probe  
  26  2:17  Stargate  
  26  2:23  Probe  
  26  2:27  Warp Gate  
  26  2:29  Adept (Chrono Boost)  
  27  2:35  Probe (Chrono Boost)  
  30  2:40  Probe (Chrono Boost)  
  31  2:45  Probe (Chrono Boost)  
  31  2:48  Adept  
  31  2:49  Probe (Chrono Boost)  
  31  2:50  Probe (Chrono Boost)  
  35  2:59  Probe  
  35  3:01  Probe  
  35  3:04  Oracle (Chrono Boost)  
  40  3:12  Probe  
  41  3:19  Probe  
  44  3:22  Pylon  
  40  3:27  Probe  
  40  3:32  Probe  
  41  3:36  Phoenix (Chrono Boost)  
  43  3:41  Probe  
  43  3:45  Nexus  
  43  3:47  Probe  
  45  3:53  Probe  
  46  3:56  Gateway  
  46  3:58  Gateway  
  46  4:03  Probe  
  46  4:05  Probe  
  48  4:12  Twilight Council  
  48  4:15  Probe, Forge  
  49  4:17  Probe  
  47  4:27  Probe, Assimilator x2  
  48  4:35  Probe  
  48  4:36  Sentry, Robotics Facility  
  48  4:37  Blink (Chrono Boost)  
  51  4:39  Probe  
  51  4:45  Pylon  
  52  4:47  Probe (Chrono Boost)  
  52  4:52  Protoss Ground Weapons Level 1 (Chrono Boost)  
  54  4:54  Probe (Chrono Boost)  
  54  4:58  Probe (Chrono Boost)  
  56  5:05  Probe (Chrono Boost)  
  58  5:08  Probe x2 (Chrono Boost)  
  58  5:12  Probe (Chrono Boost)  
  58  5:13  Probe (Chrono Boost), Pylon  
  59  5:16  Probe  
  59  5:19  Gateway  
  61  5:23  Probe, Observer (Chrono Boost), Gateway  
  61  5:25  Gateway  
  61  5:28  Probe  
  64  5:29  Pylon, Sentry  
  64  5:30  Probe  
  64  5:33  Stalker  
  69  5:38  Robotics Bay  
  69  5:39  Probe  
  70  5:44  Observer  
  70  5:45  Probe x2  
  70  5:48  Stalker  
  75  5:53  Photon Cannon  
  75  5:57  Gateway  
  75  5:58  Gateway  
  75  6:02  Stalker  
  75  6:03  Stalker  
  79  6:09  Pylon, Immortal (Chrono Boost)  
  81  6:15  Probe  
  81  6:16  Probe x2  
  86  6:24  Extended Thermal Lance  
  86  6:30  Shield Battery  
  86  6:32  Pylon  
  86  6:38  Colossus (Chrono Boost)  
  86  6:39  Photon Cannon  
  86  6:40  Zealot x2  
  86  6:41  Zealot x2  
  100  6:50  Stalker  
  100  6:51  Stalker  
  100  6:54  Shield Battery  
  104  7:01  Stalker x2  
  104  7:08  Pylon  
  106  7:13  Zealot x2  
  106  7:15  Probe x2  
  108  7:28  Colossus (Chrono Boost)  
  110  7:33  Zealot x3, Stalker  
  110  7:34  Zealot  
  110  7:36  Pylon  
  116  7:37  Pylon  
  110  7:49  Observer  
  104  7:51  Probe  
  104  7:56  Assimilator  
  104  7:57  Pylon  
  105  7:59  Assimilator  
  105  8:01  Protoss Ground Armor Level 1 (Chrono Boost)  
  105  8:07  Forge, Nexus  
  105  8:08  Probe x3  
  108  8:14  Charge (Chrono Boost), Warp Prism (Chrono Boost)  
  108  8:15  Pylon  
  108  8:16  Zealot  
  108  8:17  Zealot x7  
  126  8:23  Pylon  
  126  8:29  Probe x3  
  129  8:35  Pylon  
  129  8:41  Stalker x4  
  129  8:42  Stalker  
  129  8:48  Observer (Chrono Boost)  
  136  8:55  Protoss Ground Weapons Level 2 (Chrono Boost)  
  136  9:02  Disruptor (Chrono Boost)  
  132  9:07  Observer  
  132  9:08  Zealot x2, Stalker x3  
  132  9:09  Zealot  
  147  9:11  Stalker  
  147  9:12  Sentry  
  151  9:17  Probe x3  
  151  9:20  Probe  
  155  9:30  Stalker x2  
  155  9:31  Stalker x2  
  160  9:39  Disruptor  
  163  9:46  Zealot x4, Templar Archives  
  171  9:54  Probe x4  
  171  9:57  Pylon  
  173  10:08  Zealot x3  
  173  10:11  Pylon  
  169  10:28  Stalker x3  
  169  10:29  Zealot x5  
  169  10:31  Assimilator  
  169  10:32  Assimilator  
  169  10:34  Pylon  
  149  10:47  Gateway  
  149  10:48  Gateway  
  149  10:49  Zealot x4  
  147  10:50  Zealot  
  147  10:52  Zealot, High Templar x2  
  147  10:55  Archon  
  139  11:07  Nexus  
  139  11:09  Pylon  
  139  11:10  Zealot x5  
Show
View Real Time Build Order
Export as new Build Order

Cure Terran 

Build Orders: Gas First Reaper Expand, Reaper Expand, MMM Bio 

Get SALT Encoding   

  12  0:00  SCV  
  13  0:12  SCV  
  14  0:17  Supply Depot  
  14  0:24  SCV  
  14  0:27  Refinery  
  15  0:39  SCV  
  16  0:44  Barracks  
  16  0:51  SCV  
  17  1:03  SCV  
  18  1:15  SCV  
  19  1:31  Reaper, Orbital Command  
  20  1:50  Command Center  
  20  1:55  Factory  
  20  1:57  SCV  
  21  2:03  Refinery  
  21  2:08  Barracks Reactor  
  21  2:10  SCV  
  22  2:16  Supply Depot  
  22  2:22  SCV  
  23  2:37  SCV  
  23  2:40  Starport  
  23  2:41  Hellion  
  26  2:45  Marine x2  
  26  2:49  SCV  
  29  3:02  Orbital Command  
  29  3:03  SCV  
  30  3:05  Marine  
  30  3:06  Marine  
  30  3:11  Widow Mine  
  33  3:18  SCV  
  33  3:25  Viking  
  35  3:28  SCV  
  35  3:31  SCV  
  37  3:39  Marine x2  
  39  3:42  SCV  
  39  3:43  SCV  
  39  3:46  Widow Mine  
  42  3:54  Supply Depot  
  42  3:56  SCV x2  
  42  4:00  Marine x2  
  46  4:13  Factory Tech Lab  
  46  4:16  Supply Depot, SCV x2, Medivac  
  50  4:19  Marine x2  
  52  4:28  SCV x2, Barracks  
  54  4:36  Barracks  
  54  4:40  SCV x2, Factory Reactor  
  54  4:43  Supply Depot  
  56  4:46  Starport Tech Lab  
  56  4:47  Marine x2  
  58  4:53  SCV x2  
  58  4:55  Supply Depot  
  58  4:59  Engineering Bay  
  60  5:05  SCV x2, Marine x2  
  62  5:18  Starport Reactor  
  62  5:19  Widow Mine x2, SCV x2  
  62  5:20  Supply Depot  
  68  5:25  Stimpack  
  68  5:28  Marine x2  
  68  5:32  Terran Infantry Weapons Level 1  
  68  5:34  SCV x2, Refinery  
  72  5:36  Missile Turret  
  72  5:39  Marine x2  
  74  5:43  Widow Mine  
  74  5:44  Widow Mine, Supply Depot  
  74  5:49  Marauder x2  
  82  5:52  Combat Shields  
  82  5:55  Medivac  
  82  5:56  Medivac  
  86  6:02  Supply Depot  
  86  6:06  Marine x2  
  86  6:07  Widow Mine x2  
  86  6:08  Supply Depot  
  92  6:13  Marauder  
  94  6:23  Supply Depot, Marine x2  
  94  6:24  Marauder  
  98  6:26  SCV x2  
  98  6:29  Widow Mine  
  98  6:30  Widow Mine  
  98  6:31  Medivac  
  98  6:32  Medivac  
  108  6:36  Marauder  
  110  6:44  Marine x2  
  114  6:47  Marauder  
  113  6:55  Command Center  
  113  7:00  Marauder  
  115  7:02  Marine x2  
  117  7:10  Supply Depot  
  117  7:13  Supply Depot  
  117  7:17  Widow Mine  
  117  7:18  Widow Mine  
  117  7:20  SCV  
  118  7:23  SCV  
  118  7:24  Medivac  
  118  7:26  Barracks, Marauder  
  118  7:28  Terran Infantry Armor Level 1, Barracks  
  115  7:30  Marine  
  115  7:31  Marauder  
  113  7:39  SCV x2  
  104  7:45  Marine  
  104  7:47  Marauder  
  104  7:48  Marine  
  94  7:52  Widow Mine x2, Marauder  
  100  7:58  SCV, Refinery  
  100  7:59  SCV  
  102  8:06  Viking x2  
  102  8:09  Orbital Command  
  102  8:12  SCV  
  107  8:17  Barracks Tech Lab  
  107  8:18  Barracks Reactor  
  107  8:21  Marine, Marauder x2  
  107  8:23  Marine  
  107  8:25  Liberator  
  107  8:26  SCV x2, Liberator  
  115  8:32  Refinery x2  
  115  8:35  Concussive Shells  
  115  8:36  SCV  
  115  8:38  SCV x2  
  118  8:48  SCV  
  124  8:50  SCV x2  
  124  8:52  Marauder  
  124  8:53  Marauder x2  
  128  8:56  Marine x2  
  128  8:57  Marine x2  
  128  9:01  Widow Mine x2  
  127  9:08  Armory  
  127  9:11  SCV x3  
  127  9:13  Liberator  
  127  9:15  Marauder x3  
  136  9:17  Marine x2  
  136  9:18  Supply Depot, Marine x2, Liberator  
  136  9:23  Widow Mine x2  
  144  9:25  Supply Depot  
  147  9:42  Fusion Core  
  147  9:44  Starport  
  147  9:45  Supply Depot  
  147  9:47  SCV  
  147  9:48  Supply Depot, SCV x2  
  150  9:56  Liberator  
  150  9:58  Marine x2, Marauder x3  
  150  9:59  Marine x2  
  142  10:25  Marine x4, Marauder  
  142  10:26  Marauder x2  
  148  10:32  Widow Mine x2  
  148  10:34  Starport Tech Lab  
  106  10:43  Marine x4  
  106  10:46  Marine  
  106  10:47  Marauder x2  

Tags
 
Add a new tag
Caveats
  • Supply blocks, unpowered buildings, or Contaminate may cause inaccurate times.
  • Supply counts are checked every 10 seconds.